 Dungeon Crawl Stone Soup version 0.29-a0-369-gd956c00756 (webtiles) character file.

Game seed: 10503067843175492202

91 joe1234567 the Skirmisher (level 4, -2/29 HPs)
             Began as a Gargoyle Fighter on May 1, 2022.
             Slain by a black bear (4 damage)
             ... on level 4 of the Dungeon.
             The game lasted 00:28:54 (2521 turns).

joe1234567 the Skirmisher (Gargoyle Fighter)        Turns: 2521, Time: 00:28:54

Health: -2/29      AC: 10    Str: 22    XL:     4   Next: 57%
Magic:  4/4        EV:  9    Int:  8    God:
Gold:   143        SH:  4    Dex:  9    Spells: 3/3 levels left

rFire   . . .      SeeInvis .   d - +1 short sword (drain)
rCold   . . .      Faith    .   c - +0 buckler
rNeg    + . .      Spirit   .   b - +0 scale mail
rPois   ∞          Reflect  .   (no helmet)
rElec   +          Harm     .   (no cloak)
rCorr   .          Rampage  .   (no gloves)
Will    .....                   (no boots)
Stlth   ..........              (no amulet)
HPRegen 0.09/turn               (no ring)
MPRegen 0.09/turn               (no ring)

@: no status effects
A: sickness immunity, AC +3, negative energy resistance 1, electricity
resistance, torment resistance 1, petrification resistance
a: no special abilities


You were on level 4 of the Dungeon.
You visited 1 branch of the dungeon, and saw 4 of its levels.

You collected 143 gold pieces.

Inventory:

Hand Weapons
 d - a +1 short sword of draining (weapon)
 j - a +0 long sword
 k - the +3 hunting sling of the Pure Curses {freeze, rPois}
   (You found it on level 3 of the Dungeon)

   Any ammunition fired from it freezes those it strikes, dealing additional
   cold damage.
   It can also slow down cold-blooded creatures.
   rPois:     It protects you from poison.
 n - a +0 falchion
 o - a +0 war axe
 p - a +0 hand crossbow
Missiles
 e - 6 boomerangs (quivered)
Armour
 b - a +0 scale mail (worn)
 c - a +0 buckler (worn)
 m - a +0 leather armour
Scrolls
 h - 2 scrolls of identify
Potions
 a - a potion of lignification {unknown}
 f - a potion of ambrosia {unknown}
 g - a potion of curing {unknown}
 i - a potion of flight {unknown}
 l - a potion of haste {unknown}


   Skills:
 + Level 4.1 Fighting
 + Level 0.4(1.5) Short Blades
 + Level 2.4(2.5) Long Blades
 + Level 4.0 Armour
 + Level 0.4 Dodging
 + Level 3.7 Shields


You had 3 spell levels left.
You didn't know any spells.
Your spell library contained the following spells:

 Spells                   Type           Power      Damage    Failure   Level
 Gell's Gravitas          Tloc           0%         N/A       99%         3
 Ignite Poison            Fire/Tmut/Pois 0%         N/A       99%         3
 Lesser Beckoning         Tloc           0%         N/A       99%         3
 Mephitic Cloud           Conj/Pois/Air  0%         N/A       99%         3
 Teleport Other           Tloc           0%         N/A       99%         3
 Freezing Cloud           Conj/Ice/Air   0%         6-21      100%        5


Dungeon Overview and Level Annotations

Branches:
Dungeon (4/15)
 Temple: D:4-7

Altars:
Fedhas


Innate Abilities, Weirdness & Mutations

You are immune to sickness and miasma.
Your stone body is resilient. (AC +3)
You are immune to poison.
You resist negative energy. (rN+)
You are resistant to electric shocks. (rElec)
You are resistant to unholy torment.
You are immune to petrification.


Message History

Throw: 6 boomerangs
Press: ? - help, Q - select action Shift-Dir - straight line, f/p - black bear
Aim: a black bear (heavily wounded, 64% to hit)
You throw a boomerang.
The boomerang completely misses the black bear.
The black bear closely misses you.
The black bear claws you but does no damage. x2
The black bear attacks as you move away!
The black bear bites you. The black bear claws you.
* * * LOW HITPOINT WARNING * * *
You block the black bear's attack.
Throw: 6 boomerangs
Press: ? - help, Q - select action Shift-Dir - straight line, p - black bear You throw a boomerang.
The black bear barely misses you. The black bear closely misses you.
The black bear claws you but does no damage.
You hit the black bear but do no damage.
The black bear is heavily wounded.
You block the black bear's attack. The black bear barely misses you. x2
You hit the black bear.
The black bear is heavily wounded.
The black bear barely misses you.
The black bear claws you but does no damage.
The black bear claws you.
* * * LOW HITPOINT WARNING * * *
You barely miss the black bear.
The black bear is heavily wounded.
The black bear barely misses you. You block the black bear's attack.
The black bear claws you but does no damage.
You barely miss the black bear.
The black bear is heavily wounded.
The black bear bites you but does no damage.
The black bear claws you but does no damage.
The black bear claws you.
* * * LOW HITPOINT WARNING * * *
You barely miss the black bear.
The black bear is heavily wounded.
The black bear bites you but does no damage.
The black bear claws you.
You die...

##############
#............#
#.##########.# #.# # # #.#
##.#.########.############
..........................
##.#.##.#....@h...........
#.........##.############
###......$...#
#..#.#..#..#
#..#.#..#..#######
#.<.†.............
#.......#..###.###
.................
.......#............


You could see a black bear.

Vanquished Creatures
  3 adders (D:3)
  A worm (D:2)
  2 dart slugs (D:1)
  An orc (D:3)
  4 ball pythons
  9 endoplasms
  A giant cockroach (D:3)
  5 goblins
  6 hobgoblins
  2 jackals (D:4)
  6 kobolds
  A quokka (D:1)
  3 bats
  5 frilled lizards
  3 rats
  A bush (D:1)
53 creatures vanquished.

Notes
Turn   | Place    | Note
-------+----------+-------------------------------------------
     0 | D:1      | joe1234567 the Gargoyle Fighter began the quest for the
                  | Orb.
     0 | D:1      | Reached XP level 1. HP: 14/14 MP: 1/1
   524 | D:1      | Reached XP level 2. HP: 19/19 MP: 2/2
   909 | D:1      | Reached XP level 3. HP: 23/24 MP: 3/3
  1917 | D:3      | Identified the +3 hunting sling of the Pure Curses {freeze,
                  | rPois}
  2053 | D:3      | Found a blossoming altar of Fedhas.
  2127 | D:3      | Reached XP level 4. HP: 29/29 MP: 4/4
  2469 | D:4      | Noticed a black bear
  2521 | D:4      | Slain by a black bear

Illustrated notes

Levels and vault maps discovered:
D:1:      dpeg_arrival_lava_temple_mockup, layout_loops_corners,
          serial_park_tiny_2, minmay_tall_x
D:2:      layout_basic
D:3:      minmay_angry_zag, layout_rooms, fedhas_altar_4, minitemple,
          serial_corexii_hall, chequers_hall_statues_corner_a,
          corexii_hall_statues_i, kennysheep_big_empty_room, uniq_natasha
D:4:      layout_basic, grunt_dithmenos_smoke, serial_park_tiny_2,
          minmay_hollow_rounded_squares, uniq_robin

Skill      XL: |  1  2  3  4 |
---------------+-------------+-----
Long Blades    | 2 |  2.4
Armour         | 4 |  4.0
Fighting       | 4 |  4.1
Short Blades   | |  0.4
Dodging        | |  0.4
Shields        | |  3.7

Action                   |  1- 3 |  4- 6 || total
-------------------------+-------+-------++-------
Melee: Long sword        |   203 |    22 ||   225
       Short sword       |    31 |    32 ||    63
       Club              |     1 |       ||     1
       Hunting sling     |    13 |       ||    13
       War axe           |       |     5 ||     5
Throw: Boomerang         |       |     5 ||     5
  Use: Potion            |     4 |       ||     4
       Scroll            |     8 |     1 ||     9
Armor: Scale mail        |    76 |    59 ||   135
Dodge: Dodged            |    65 |    37 ||   102
Block: Buckler           |    31 |    23 ||    54

Table legend: (Time is in decaauts)
 A = Elapsed time spent in this place.
 B = Non-inter-level travel time spent in this place.
 C = Inter-level travel time spent in this place.
 D = Time resting spent in this place.
 E = Time spent auto-exploring this place.
 F = Levels seen in this place.
 G = Mean time per level.
                   A        B        C        D        E       F      G
               +--------+--------+--------+--------+--------+-----+--------+
         Total |   2606 |   2541 |     65 |      0 |      0 |   4 |  651.5 |
       Dungeon |   2606 |   2541 |     65 |      0 |      0 |   4 |  651.5 |
               +--------+--------+--------+--------+--------+-----+--------+

Top non-repeatable levels by time:
     D:1: 1311 daAuts
     D:2: 620 daAuts
     D:3: 593 daAuts
     D:4: 80 daAuts
